 Dungeon Crawl Stone Soup version 0.27-a0-1532-gca18f49f40 (webtiles) character file.

Game seed: 15652817219933212175

53 Dordric the Shield-Bearer (level 4, -1/35 HPs)
             Began as a Formicid Fighter on July 12, 2021.
             Succumbed to a gnoll's poison
             ... on level 2 of the Dungeon.
             The game lasted 00:00:56 (1416 turns).

Dordric the Shield-Bearer (Formicid Fighter)        Turns: 1416, Time: 00:00:56

Health: -1/35      AC:  6    Str: 22    XL:     4   Next: 10%
Magic:  4/4        EV:  8    Int:  7    God:
Gold:   66         SH: 10    Dex: 10    Spells: 3/3 levels left

rFire    . . .     SeeInvis +   a - +0 flail
rCold    . . .     Faith    .   c - +0 kite shield
rNeg     . . .     Spirit   .   b - +0 scale mail
rPois    .         Reflect  .   (helmet unavailable)
rElec    .         Harm     .   (no cloak)
rCorr    .         Rampage  .   (no gloves)
Will     .....                  (no boots)
Stlth    ..........             (no amulet)
HPRegen  0.11/turn              (no ring)
MPRegen  0.09/turn              (no ring)

@: lethally poisoned (-1 -> -19), attractive
A: permanent stasis, dig shafts and tunnels, antennae 3, four strong arms
a: Dig, Shaft Self


You were on level 2 of the Dungeon.
You visited 1 branch of the dungeon, and saw 2 of its levels.

You collected 66 gold pieces.

Inventory:

Hand Weapons
 a - a +0 flail (weapon)
Missiles
 g - a throwing net
Armour
 b - a +0 scale mail (worn)
 c - a +0 kite shield (worn)
Jewellery
 e - an amulet of faith
Scrolls
 h - a scroll of identify {unknown}
Potions
 d - a potion of might


   Skills:
 - Level 3.2 Fighting
 + Level 3.1 Maces & Flails
 - Level 3.2 Armour
 + Level 4.7 Shields


You had 3 spell levels left.
You didn't know any spells.
Your spell library contained the following spells:

 Spells                   Type           Power      Damage    Failure   Level
 Static Discharge         Conj/Air       0%         N/A       99%         2
 Lightning Bolt           Conj/Air       0%         1d11      100%        5
 Maxwell's Capacitive Co  Air            0%         ∞         100%        8


Dungeon Overview and Level Annotations

Branches:
Dungeon (2/15)

Altars:


Innate Abilities, Weirdness & Mutations

You cannot be hasted, slowed, berserked, paralysed or teleported.
You can dig through walls and to a lower floor.
You have a pair of large antennae on your head. (SInv)
Your four strong arms can wield two-handed weapons with a shield.


Message History

You climb downwards.
You block the gnoll's attack.
There is a stone staircase leading up here.
You barely miss the gnoll. The gnoll completely misses you.
The gnoll hits you but does no damage.
You are poisoned.
You sock the gnoll!
The gnoll is almost dead.
You feel sick. You block the gnoll's attack.
You closely miss the gnoll.
The gnoll is almost dead.
You feel sick.
The gnoll hits you with a +2 whip of venom.
You are more poisoned.
You block the gnoll's attack.
You closely miss the gnoll.
The gnoll is almost dead.
You feel very sick.
The gnoll hits you with a +2 whip of venom.
You are more poisoned.
You barely miss the gnoll.
The gnoll is almost dead.
You feel very sick.
The gnoll hits you with a +2 whip of venom.
* * * LOW HITPOINT WARNING * * *
You are too injured to fight recklessly!
You are too injured to fight recklessly!
You are too injured to fight recklessly!
You are too injured to fight recklessly!
You are too injured to fight recklessly!
You hit the gnoll but do no damage.
The gnoll is almost dead.
* * * LOW HITPOINT WARNING * * *
You feel very sick. You block the gnoll's attack.
The gnoll hits you with a +2 whip of venom.
* * * LOW HITPOINT WARNING * * *
You are more poisoned.
It was a potion of attraction.
You feel attractive to monsters.
You die...

#.# #.#.# #<#
#.#g# #######.#
#.#.# #.<.....#
#...# #.#######
#.#.# #.# #.#.#
#.# #######.#.#
#.#####....g..#.#
#.........÷.@##..
#######.###### ..
#.# #. #.# #.#
#.# #.# #.# #.#


You could see a gnoll.

Vanquished Creatures
  2 gnolls (D:1)
  An adder (D:2)
  A dart slug (D:1)
  A ball python (D:1)
  2 endoplasms (D:1)
  2 giant cockroaches (D:1)
  4 goblins (D:1)
  2 hobgoblins (D:1)
  2 jackals (D:1)
  2 kobolds (D:1)
  A quokka (D:1)
  A rat (D:1)
21 creatures vanquished.

Notes
Turn   | Place    | Note
-------+----------+-------------------------------------------
     0 | D:1      | Dordric the Formicid Fighter began the quest for the Orb.
     0 | D:1      | Reached XP level 1. HP: 18/18 MP: 1/1
   207 | D:1      | Reached XP level 2. HP: 22/24 MP: 2/2
   209 | D:1      | Reached skill level 4 in Shields
   732 | D:1      | Reached XP level 3. HP: 28/29 MP: 3/3
  1228 | D:1      | Reached XP level 4. HP: 15/35 MP: 4/4
  1416 | D:2      | Succumbed to a gnoll's poison

Illustrated notes

Levels and vault maps discovered:
D:1:      minmay_arrival_three_doors, layout_loops_corners, minmay_door_square
D:2:      layout_basic, serial_bayou, serial_bayou_ford_a, serial_bayou_lake_a,
          serial_bayou_shore_b, serial_bayou_shore_a, serial_shops,
          nicolae_shop_overgrown_old_shop, basic_altar, minmay_hedge_maze

Skill      XL: |  1  2  3 |
---------------+----------+-----
Shields        | 4 |  4.7
Maces & Flails | 3 |  3.1
Fighting       | |  3.2
Armour         | |  3.2

Action                   |  1- 3 |  4- 6 || total
-------------------------+-------+-------++-------
Melee: Flail             |    62 |     6 ||    68
 Abil: Dig               |     1 |       ||     1
  Use: Potion            |       |     1 ||     1
Armor: Scale mail        |    15 |     1 ||    16
Dodge: Dodged            |    17 |     1 ||    18
Block: Kite shield       |    35 |     4 ||    39

Table legend: (Time is in decaauts)
 A = Elapsed time spent in this place.
 B = Non-inter-level travel time spent in this place.
 C = Inter-level travel time spent in this place.
 D = Time resting spent in this place.
 E = Time spent auto-exploring this place.
 F = Levels seen in this place.
 G = Mean time per level.
                   A        B        C        D        E       F      G
               +--------+--------+--------+--------+--------+-----+--------+
         Total |   1447 |   1426 |     21 |      0 |   1231 |   2 |  723.5 |
       Dungeon |   1447 |   1426 |     21 |      0 |   1231 |   2 |  723.5 |
               +--------+--------+--------+--------+--------+-----+--------+

Top non-repeatable levels by time:
     D:1: 1349 daAuts
     D:2: 98 daAuts
